 Dungeon Crawl Stone Soup version 0.18.1-50-g88ac8fd (webtiles) character file.

102 Holeefuk the Slasher (level 5, -1/41 HPs)
             Began as a Formicid Fighter on Sept 27, 2016.
             Slain by a gnoll
             ... wielding a +0 halberd
              (2 damage)
             ... on level 3 of the Dungeon.
             The game lasted 00:04:20 (1882 turns).

Holeefuk the Slasher (Formicid Fighter)             Turns: 1882, Time: 00:04:21

Health: -1/41      AC:  6    Str: 22    XL:     5   Next: 5%
Magic:  5/5        EV:  8    Int:  7    God:
Gold:   109        SH:  9    Dex: 10    Spells: 0 memorised, 4 levels left

rFire  x . .     SeeInvis +     a - +0 long sword
rCold  + . .     Gourm    .     b - +0 scale mail
rNeg   . . .     Faith    .     c - +0 shield
rPois  .         Spirit   .     (helmet unavailable)
rElec  .         Dismiss  .     (no cloak)
rCorr  .         Reflect  .     (no gloves)
SustAt .         Harm     .     (no boots)
MR     .....                    (no amulet)
Stlth  +.........               r - ring of ice (curse)
                                k - ring of stealth

@: not resistant to hostile enchantments, very unstealthy
A: permanent stasis, dig shafts and tunnels, four strong arms, antennae 3
a: Dig, Shaft Self


You were on level 3 of the Dungeon.
You were hungry.

You visited 1 branch of the dungeon, and saw 3 of its levels.

You collected 109 gold pieces.

Inventory:

Hand Weapons
 a - a +0 long sword (weapon)
Armour
 b - a +0 scale mail (worn)
 c - a +0 shield (worn)
Jewellery
 k - a ring of stealth (left hand)
 r - a cursed ring of ice (right hand)
Scrolls
 e - 2 scrolls of remove curse {unknown}
 g - 3 scrolls of enchant armour {unknown}
 i - 2 scrolls of blinking {unknown}
 j - 2 scrolls of immolation {unknown}
 l - a scroll of teleportation {unknown}
 m - a scroll of amnesia {unknown}
 o - a scroll of identify {unknown}
 q - a scroll of enchant weapon {unknown}
 t - a scroll of fog {unknown}
Potions
 d - a potion of might
 h - a potion of cancellation {unknown}
 n - 2 potions of brilliance {unknown}
 s - a potion of degeneration {unknown}
 u - a potion of heal wounds {unknown}
Comestibles
 f - 3 bread rations
 p - 2 meat rations


   Skills:
 - Level 3.2 Fighting
 + Level 4.8 Long Blades
 - Level 3.2 Armour
 - Level 3.6 Shields


You had 4 spell levels left.
You didn't know any spells.

Dungeon Overview and Level Annotations

Branches:
Dungeon (3/15)

Altars:
Ashenzari
Dithmenos
Elyvilon
Nemelex Xobeh


Innate Abilities, Weirdness & Mutations

You are under a permanent stasis effect.
You can dig through walls and to a lower floor.
Your four strong arms can wield two-handed weapons with a shield.
You have a pair of large antennae on your head (SInv).


Message History

* * * LOW HITPOINT WARNING * * *
The gnoll closely misses you.
You closely miss the gnoll.
The gnoll is heavily wounded.
The gnoll closely misses you. You block the gnoll's attack.
The gnoll hits you but does no damage.
You closely miss the gnoll.
The gnoll is heavily wounded.
You block the gnoll's attack. The gnoll hits you.
* * * LOW HITPOINT WARNING * * *
The gnoll hits you but does no damage.
You closely miss the gnoll.
The gnoll is heavily wounded.
You block the gnoll's attack. The gnoll hits you.
* * * LOW HITPOINT WARNING * * *
You block the gnoll's attack.
You barely miss the gnoll.
The gnoll is heavily wounded.
You block the gnoll's attack. The gnoll hits you with a halberd.
You die...

#.#####...........
#######.#####...........
..................>.....
######.#.#.#...........
#.#.#.#.##.#######
#.#.#<#.##.# #
#.#.###.##.# # ###.#..
###### #..@### #...gggl#
#.....b.(# #..........
#..........#
#.........###
##......... #.......#.#


You could see 3 gnolls, a bat and a giant newt.

Vanquished Creatures
  Terence (D:2)
  3 adders (D:2)
  A worm (D:2)
  A dart slug (D:1)
  3 goblins
  7 hobgoblins
  10 jackals
  A quokka (D:2)
  2 ball pythons (D:1)
  5 bats
  2 giant newts
  5 kobolds
  6 rats
47 creatures vanquished.

Notes
Turn   | Place    | Note
--------------------------------------------------------------
     0 | D:1      | Holeefuk the Formicid Fighter began the quest for the Orb.
     0 | D:1      | Reached XP level 1. HP: 18/18 MP: 1/1
   119 | D:1      | Reached XP level 2. HP: 18/24 MP: 2/2
   248 | D:1      | Reached skill level 3 in Long Blades
   440 | D:1      | Reached XP level 3. HP: 28/29 MP: 3/3
   502 | D:1      | Found a sparkling altar of Nemelex Xobeh.
   850 | D:2      | Found a faded altar to an unknown god.
   875 | D:2      | Noticed Terence
   944 | D:2      | Reached XP level 4. HP: 32/35 MP: 4/4
   967 | D:2      | Killed Terence
   967 | D:2      | Reached skill level 4 in Long Blades
  1104 | D:2      | Found a shadowy altar of Dithmenos.
  1119 | D:2      | Found a white marble altar of Elyvilon.
  1119 | D:2      | Found a shattered altar of Ashenzari.
  1599 | D:2      | Reached XP level 5. HP: 41/41 MP: 5/5
  1881 | D:3      | HP: 1/41 [gnoll (5)]
  1882 | D:3      | Slain by a gnoll

Skill      XL: |  1  2  3  4 |
---------------+-------------+-----
Long Blades    | 3 4 |  4.8
Fighting       | |  3.2
Armour         | |  3.2
Shields        | |  3.6

Action                   |  1- 3 |  4- 6 || total
-------------------------+-------+-------++-------
Melee: Long sword        |    91 |    86 ||   177
 Abil: Dig               |     1 |       ||     1
  Eat: Chunk             |       |     3 ||     3
Armor: Scale mail        |    47 |    21 ||    68
Dodge: Dodged            |    27 |    26 ||    53
Block: Shield            |    51 |    49 ||   100
